 Dungeon Crawl Stone Soup version 0.28.0-45-g0d030f2227 (webtiles) character file.

Game seed: 10270234342332817682

6818 sking99 the Grappler (level 10, -5/92 HPs)
             Began as a Troll Warper on May 20, 2022.
             Was an Initiate of Yredelemnul.
             Slain by Snorg (10 damage)
             ... on level 10 of the Dungeon.
             The game lasted 00:18:42 (8550 turns).

sking99 the Grappler (Troll Warper)                 Turns: 8550, Time: 00:18:44

Health: -5/92      AC: 10    Str: 21    XL:     10   Next: 77%
Magic:  14/14      EV:  7    Int: 13    God:    Yredelemnul [......]
Gold:   511        SH: 15    Dex: 15    Spells: 9/11 levels left

rFire   . . .      SeeInvis .     - Unarmed
rCold   . . .      Faith    .   p - +0 tower shield
rNeg    . . .      Spirit   .   a - +0 robe
rPois   .          Reflect  .   (helmet restricted)
rElec   .          Harm     .   v - +1 cloak
rCorr   .          Rampage  .   (gloves unavailable)
Will    .....                   (boots unavailable)
Stlth   +.........              u - amulet of regeneration
HPRegen 1.85/turn               x - +6 ring of dexterity
MPRegen 0.14/turn               j - +4 ring of protection

@: no status effects
A: large, unfitting armour, claws 3, regeneration 1, shaggy fur 1, tough skin 1
a: Renounce Religion, Recall Undead Harvest


You were on level 10 of the Dungeon.
You worshipped Yredelemnul.
Yredelemnul was noncommittal.
You visited 2 branches of the dungeon, and saw 11 of its levels.

You collected 544 gold pieces.
You spent 33 gold pieces at shops.

Inventory:

Missiles
 c - 5 boomerangs of dispersal (quivered)
Armour
 a - a +0 robe (worn)
 p - a +0 tower shield (worn)
 v - a +1 cloak (worn)
Jewellery
 j - a +4 ring of protection (right claw)
 o - a ring of willpower
 u - an amulet of regeneration (around neck)
 x - a +6 ring of dexterity (left claw)
 y - a ring of resist corrosion
Wands
 i - a wand of acid (4)
Scrolls
 b - 3 scrolls of blinking
 d - a scroll of immolation
 h - a scroll of teleportation
 m - a scroll of enchant weapon
 n - a scroll of magic mapping {unknown}
 q - 2 scrolls of fog
 r - a scroll of identify
 s - 2 scrolls of vulnerability
Potions
 e - a potion of haste {unknown}
 f - 2 potions of brilliance
 g - 2 potions of heal wounds
 k - 4 potions of curing
 l - a potion of ambrosia
 t - a potion of berserk rage
 w - a potion of degeneration
 z - a potion of might {unknown}


   Skills:
 - Level 3.9 Fighting
 - Level 0.8 Throwing
 - Level 1.9 Dodging
 + Level 7.6 Shields
 + Level 10.1 Unarmed Combat
 - Level 1.2 Spellcasting
 - Level 3.8 Translocations
 + Level 6.8 Invocations


You had 9 spell levels left.
You knew the following spells:

 Your Spells              Type           Power      Damage    Failure   Level
a - Blink                 Tloc           20%        N/A       41%         2

Your spell library contained the following spells:

 Spells                   Type           Power      Damage    Failure   Level
 Gell's Gravitas          Tloc           10%        N/A       65%         3
 Lesser Beckoning         Tloc           10%        N/A       65%         3
 Teleport Other           Tloc           10%        N/A       65%         3
 Shock                    Conj/Air       0%         1d3       80%         1
 Passage of Golubria      Tloc           10%        N/A       96%         4
 Ignite Poison            Fire/Tmut/Pois 0%         N/A       99%         3
 Mephitic Cloud           Conj/Pois/Air  0%         N/A       99%         3
 Ozocubu's Armour         Ice            0%         N/A       99%         3
 Swiftness                Air            0%         N/A       99%         3
 Tukima's Dance           Hex            0%         N/A       99%         3
 Airstrike                Air            0%         N/A       100%        4
 Anguish                  Hex/Necr       0%         N/A       100%        4
 Freezing Cloud           Conj/Ice/Air   0%         6-21      100%        5
 Manifold Assault         Tloc           10%        N/A       100%        5
 Yara's Violent Unravell  Hex/Tmut       0%         3d3       100%        5
 Enfeeble                 Hex            0%         N/A       100%        7
 Ozocubu's Refrigeration  Ice            0%         4d5       100%        7
 Storm Form               Tmut/Air       0%         N/A       100%        7


Dungeon Overview and Level Annotations

Branches:
Dungeon (10/15)            Temple (1/1) D:6            Lair (0/6) D:9
    Orc: D:9-12

Altars:
Ashenzari
Cheibriados
Dithmenos
Elyvilon
Gozag
Hepliaklqana
Kikubaaqudgha
Makhleb
Nemelex Xobeh
Okawaru
Qazlal
Ru
Trog
Uskayaw
Vehumet
Wu Jian
Xom
Yredelemnul
Zin

Shops:
D:4 !   D:8 =

Annotations:
D:9 1 runed translucent door, IcySys's ghost, novice OpSu
D:10 Snorg


Innate Abilities, Weirdness & Mutations

You are too large for most types of armour.
You have claws for hands.
Your natural rate of healing is unusually fast.
You are covered in fur. (AC +1)
You have tough skin. (AC +1)


Message History

You hear a shout! x2
You swap places.
Snorg rages.
Snorg bites your hornet zombie! Snorg claws your hornet zombie!!
Snorg claws your hornet zombie!
You hear a shout!
Your hornet zombie hits Snorg!
You block Snorg's attack. x2; Snorg claws you.
Your hornet zombie hits Snorg.
You barely miss Snorg.
Snorg is lightly wounded.
You block Snorg's attack. x2; Snorg barely misses you.
Your hornet zombie hits Snorg.
Snorg barely misses your hornet zombie. Snorg claws your hornet zombie.
Snorg closely misses your hornet zombie.
You mangle Snorg!!
Snorg is moderately wounded.
Snorg bites you!
You block Snorg's attack. x2; Your hornet zombie hits Snorg.
You mangle Snorg!!
Snorg is heavily wounded.
You block Snorg's attack. Snorg claws you. You block Snorg's attack.
Your hornet zombie hits Snorg.
Snorg bites you! Snorg barely misses you. You block Snorg's attack.
Your hornet zombie hits Snorg!
You mangle Snorg!!
Snorg is severely wounded.
Snorg bites you but does no damage. Snorg claws you but does no damage.
Snorg claws you.
The orc priest invokes the aid of Beogh against you.
Beogh smites you!
The orc hits your hornet zombie with a +0 short sword.
Your hornet zombie barely misses Snorg.
You hear a shout!
You mangle Snorg!!
Snorg is severely wounded.
Snorg bites you!!
* * * LOW HITPOINT WARNING * * *
Snorg claws you!!
* * * LOW HITPOINT WARNING * * *
Snorg claws you!
You die...
Your body rises from the dead as a mindless zombie.

#..# ##.#
#.## #..#
#..# #..#
#..# #..#
#Z@# #To#
#..# #.oo
#....
......
#.......
.........
...........


You could see Snorg (berserk, ally target), an orc priest, an orc wizard, an orc
and a friendly hornet zombie.

Vanquished Creatures
  A two-headed ogre (D:9)
  A troll (D:10)
  A hornet (D:10)
  3 wyverns
  9 yaks (D:9)
  A basilisk (D:9)
  4 water moccasins
  3 orc warriors
  A necrophage (D:7)
  2 hornet zombies
  An ice beast (D:7)
  A sky beast (D:8)
  2 ogres
  2 black bears (D:6)
  A boggart (D:7)
  4 centaurs
  4 bullfrogs
  2 scorpions
  A gnoll sergeant (D:9)
  7 killer bees
  A howler monkey (D:7)
  A centaur zombie (D:8)
  A jelly (D:7)
  3 orc priests
  2 hounds (D:4)
  2 bullfrog skeletons
  3 iguanas
  Ijyb (D:4)
  5 orc wizards
  A howler monkey zombie (D:9)
  12 gnolls
  2 shadow imps
  2 white imps
  3 adder skeletons (D:4)
  A worm (D:2)
  A dart slug (D:1)
  28 orcs
  15 endoplasms
  7 giant cockroaches
  3 goblins
  5 hobgoblins
  8 jackals (D:3)
  3 kobolds
  3 quokkas (D:3)
  8 ball pythons
  6 bats
  A frilled lizard (D:1)
  4 rats
183 creatures vanquished.

Vanquished Creatures (collateral kills)
  A yak (D:9)
  A hornet zombie (D:6)
  A centaur (D:8)
  3 killer bees
  A centaur zombie (D:8)
  A hound (D:6)
  A howler monkey zombie (D:9)
  A gnoll (D:9)
  5 orcs (D:8)
15 creatures vanquished.

Vanquished Creatures (others)
  A water moccasin zombie (D:9)
  3 yak zombies (D:9)
  A bullfrog zombie (D:7)
  A scorpion zombie (D:9)
  3 killer bee zombies
  A howler monkey zombie (D:7)
  A spectral jelly (D:7)
  An iguana zombie (D:7)
  3 gnoll zombies (D:9)
  8 orc zombies
  A bush (D:9)
  4 fungi (D:9)
  25 plants (D:9)
53 creatures vanquished.

Grand Total: 251 creatures vanquished

Notes
Turn   | Place    | Note
-------+----------+-------------------------------------------
     0 | D:1      | sking99 the Troll Warper began the quest for the Orb.
     0 | D:1      | Reached XP level 1. HP: 19/19 MP: 1/1
   224 | D:1      | Reached XP level 2. HP: 28/28 MP: 2/2
   323 | D:1      | Learned a level 2 spell: Blink
   690 | D:1      | Reached skill level 3 in Unarmed Combat
   836 | D:1      | Found a faded altar of an unknown god.
   903 | D:1      | Reached XP level 3. HP: 35/35 MP: 3/3
  1661 | D:3      | Reached XP level 4. HP: 39/42 MP: 4/4
  1704 | D:3      | Noticed an orc warrior
  1805 | D:3      | Found a bloodstained altar of Trog.
  1932 | D:3      | Found a faded altar of an unknown god.
  2195 | D:3      | Reached skill level 4 in Unarmed Combat
  2627 | D:3      | Killed an orc warrior
  2628 | D:3      | Reached XP level 5. HP: 26/52 MP: 5/5
  2959 | D:4      | Noticed an ogre
  3008 | D:4      | Noticed an ogre
  3033 | D:3      | Killed an ogre
  3034 | D:3      | Reached skill level 5 in Unarmed Combat
  3034 | D:3      | Reached XP level 6. HP: 29/61 MP: 6/6
  3142 | D:4      | Reached XP level 7. HP: 51/67 MP: 7/7
  3206 | D:4      | Noticed Ijyb
  3216 | D:4      | Killed Ijyb
  3306 | D:4      | Found Baewusoe's Distillery.
  3357 | D:4      | Bought a potion of curing for 33 gold pieces
  3629 | D:4      | Identified the +5 hunting sling "Ittiades" {vorpal, rF-
                  | Str+6 Dex+5}
  3768 | D:5      | Entered Level 5 of the Dungeon
  3884 | D:4      | Reached skill level 6 in Unarmed Combat
  4695 | D:6      | Reached skill level 1 in Shields
  4764 | D:6      | Found a glowing silver altar of Zin.
  4804 | D:6      | Found a staircase to the Ecumenical Temple.
  4812 | Temple   | Entered the Ecumenical Temple
  5081 | Temple   | Became a worshipper of Yredelemnul the Dark
  5245 | D:6      | Reached XP level 8. HP: 77/78 MP: 8/8
  5444 | D:6      | Reached skill level 7 in Unarmed Combat
  5444 | D:6      | Reached skill level 1 in Invocations
  5445 | D:6      | Reached * piety under Yredelemnul
  6219 | D:7      | Noticed a five-headed hydra
  6340 | D:8      | Reached XP level 9. HP: 76/84 MP: 10/10
  6358 | D:8      | Found Isoxoul's Jewellery Boutique.
  6457 | D:8      | Reached skill level 5 in Shields
  6665 | D:8      | Reached skill level 8 in Unarmed Combat
  6665 | D:8      | Reached ** piety under Yredelemnul
  6842 | D:8      | Found an ancient bone altar of Kikubaaqudgha.
  6945 | D:8      | Found a burning altar of Makhleb.
  7348 | D:9      | Found a runed translucent door.
  7354 | D:9      | Reached skill level 5 in Invocations
  7367 | D:9      | Reached skill level 9 in Unarmed Combat
  7367 | D:9      | Reached XP level 10. HP: 91/92 MP: 12/12
  7373 | D:9      | Noticed IcySys's ghost (novice OpSu)
  7696 | D:9      | Found a shimmering altar of Xom.
  7985 | D:9      | Found a staircase to the Lair.
  8016 | D:9      | Identified the +6 plate armour "Cokhlues" {+Blink rElec
                  | rC+}
  8218 | D:10     | Entered Level 10 of the Dungeon
  8218 | D:10     | Noticed a two-headed ogre
  8228 | D:9      | Killed a two-headed ogre
  8229 | D:9      | Reached skill level 10 in Unarmed Combat
  8473 | D:10     | Noticed Snorg
  8550 | D:10     | Slain by Snorg

Illustrated notes

Levels and vault maps discovered:
D:1:      dpeg_arrival_castle, layout_loops_corners,
          shapermc_ecumenical_altar_flowoftime
D:2:      layout_rooms
D:3:      layout_basic, trog_three_pillars_becter,
          nicolae_overflow_ecumenical_swirl, wad_orctagon
D:4:      layout_basic, serial_shops, shop_statue, uniq_ijyb
D:5:      layout_gridville
D:6:      layout_basic, zin_treasury, minmay_temple_entry_crystal_x,
          serial_glass, glass_columns_c, glass_columns_b, glass_columns_a,
          glass_columns_a, glass_columns_a, glass_columns_a, glass_columns_b,
          glass_columns_b, glass_columns_a, glass_columns_a, glass_columns_c,
          glass_columns_a, glass_columns_b, glass_columns_a
D:7:      layout_rooms, hex_medium, minivault_25, minmay_three_doors
D:8:      layout_cave_pods, old_standard_altar, mainiacjoe_overflow_alcove_4,
          serial_shops, shop, serial_park, serial_park_square3
          [serial_park_minivault_5x5_6], serial_park_square2,
          serial_park_tiny_2, serial_park_square3 [serial_park_minivault_5x5_2]
D:9:      layout_rooms, mainiacjoe_overflow_surrounded_room,
          minmay_lair_entry_grove, hellmonk_ghost_big_iron, library_closet
D:10:     layout_rooms, led_sif_pool, mainiacjoe_overflow_alcove_1,
          minmay_large_rounded_square, hangedman_abyss_or_decor_stabs,
          uniq_snorg
Temple:   minmay_temple_curvy_branch

Skill      XL: |  1  2  3  4  5  6  7  8  9 10 |
---------------+-------------------------------+-----
Fighting       | 2 3 |  3.9
Unarmed Combat | 3 4 5 6 7 9 10 | 10.1
Translocations | 3 |  3.8
Shields        | 1 4 6 7 |  7.6
Invocations    | 3 5 6 |  6.8
Throwing       | |  0.8
Dodging        | |  1.9
Spellcasting   | |  1.2

Action                   |  1- 3 |  4- 6 |  7- 9 | 10-12 || total
-------------------------+-------+-------+-------+-------++-------
Melee: Unarmed           |   107 |   159 |   304 |   156 ||   726
       Punch             |     1 |     2 |     5 |       ||     8
Invok: Recall Undead Har |       |       |     4 |     1 ||     5
       Dark Bargain      |       |       |     1 |     1 ||     2
Evoke: Wand              |       |       |     4 |       ||     4
  Use: Potion            |       |     1 |       |       ||     1
       Scroll            |       |     5 |     4 |     7 ||    16
 Stab: Sleeping          |     3 |       |     1 |       ||     4
       Distracted        |       |       |     2 |     1 ||     3
Armor: Robe              |    32 |    41 |    90 |    62 ||   225
       Skin              |       |    12 |       |       ||    12
Dodge: Dodged            |    37 |    66 |   113 |    29 ||   245
Block: Tower shield      |       |       |   151 |   163 ||   314
